 Dungeon Crawl Stone Soup version 0.31.0-9-g3a7656b989 (webtiles) character file.

Game seed: 651792834018911529

47816 Marvel the Executioner (level 14, -4/204 HPs)
             Began as a Hill Orc Fighter on Jan 25, 2024.
             Was a High Priest of Trog.
             Slain by an orc knight
             ... wielding a +0 glaive
              (24 damage)
             ... on level 2 of the Orcish Mines.
             The game lasted 00:27:15 (19206 turns).

Marvel the Executioner (Hill Orc Fighter)          Turns: 19206, Time: 00:27:15

Health: -4/204     AC: 19    Str: 36    XL:     14   Next: 43%
Magic:  14/14      EV:  9    Int:  8    God:    Trog [*****.]
Gold:   1218       SH:  0    Dex: 10    Spells: 13/13 levels left

rFire   . . .        Z - +9 battleaxe
rCold   . . .        (shield currently unavailable)
rNeg    . . .        m - +0 plate armour
rPois   .            s - +0 helmet
rElec   .            (no cloak)
rCorr   .            (no gloves)
SInv    .            X - +0 pair of boots
Will    +....        (no amulet) Stlth
                     n - +6 ring of strength
HPRegen 0.54/turn    H - +6 ring of strength
MPRegen 0.14/turn

%: no passive effects
@: berserking (expiring), very quick
A: no striking features
a: Renounce Religion, Convert to Beogh, Berserk, Trog's Hand, Brothers in Arms


You were on level 2 of the Orcish Mines.
You worshipped Trog.
Trog was extremely pleased with you.
You visited 5 branches of the dungeon, and saw 20 of its levels.
You also visited: Ossuary.

You collected 1592 gold pieces.
You spent 374 gold pieces at shops.

Inventory:

Hand Weapons
 Z - a +9 battleaxe (weapon)
Missiles
 o - 9 boomerangs (quivered)
 p - 5 curare-tipped darts
 F - 2 throwing nets
 Y - 6 atropa-tipped darts
Armour
 m - a +0 plate armour (worn)
 s - a +0 helmet (worn)
 X - a +0 pair of boots (worn)
Jewellery
 b - a ring of magical power
 h - a ring of protection from fire
 i - a ring of magical power
 n - a +6 ring of strength (left hand)
 H - a +6 ring of strength (right hand)
Wands
 a - a wand of mindburst (9)
 t - a wand of polymorph (1)
 y - a wand of digging (4)
 O - a wand of acid (16)
 P - a wand of flame (51)
 R - a wand of paralysis (17)
 S - a wand of roots (15)
Scrolls
 c - a scroll of immolation
 e - 4 scrolls of teleportation
 g - 17 scrolls of identify
 C - 2 scrolls of revelation
 E - a scroll of fear
 I - a scroll of enchant weapon
 J - 2 scrolls of enchant armour
 N - 2 scrolls of silence
 T - a scroll of blinking
Potions
 d - 4 potions of might
 j - 3 potions of enlightenment {unknown}
 k - 3 potions of mutation {unknown}
 l - 2 potions of degeneration {unknown}
 u - 8 potions of curing
 w - 4 potions of heal wounds
 x - 2 potions of haste {unknown}
 z - a potion of lignification {unknown}
 B - 4 potions of attraction {unknown}
 D - 2 potions of brilliance {unknown}
 G - a potion of invisibility {unknown}
 L - 3 potions of ambrosia {unknown}
 M - a potion of berserk rage {unknown}
 Q - 2 potions of magic {unknown}
 U - 2 potions of cancellation {unknown}
 W - 2 potions of resistance {unknown}


   Skills:
 + Level 15.7 Fighting
 + Level 21.2 Axes
 + Level 1.9 Throwing
 + Level 13.9 Armour
 + Level 1.4 Dodging
 + Level 0.8 Stealth
 + Level 3.9 Shields
 + Level 0.5 Unarmed Combat


You had 13 spell levels left.
You didn't know any spells.
Your spell library contained the following spells:

 Spells                   Type           Power      Damage    Failure   Level
 Call Canine Familiar     Summ           0%         N/A       99%         3
 Fugue of the Fallen      Necr           0%         N/A       99%         3
 Ozocubu's Armour         Ice            0%         N/A       99%         3
 Sigil of Binding         Hex            0%         N/A       99%         3
 Animate Armour           Summ/Erth      0%         N/A       100%        4
 Dimensional Bullseye     Hex/Tloc       0%         N/A       100%        4
 Manifold Assault         Tloc           0%         N/A       100%        4
 Summon Lightning Spire   Summ/Air       0%         N/A       100%        4
 Lee's Rapid Deconstruct  Erth           0%         3d4*      100%        5


Dungeon Overview and Level Annotations

Branches:
Dungeon (13/15)            Temple (1/1) D:7            Lair (3/5) D:11
  Swamp (0/4) Lair:2        Snake (0/4) Lair:3          Orc (2/2) D:11
    Elf (1/3) Orc:2       Ossuary (visited)
 Vaults: D:13-14

Altars:
Ashenzari
Cheibriados
Dithmenos
Elyvilon
Fedhas
Gozag
Hepliaklqana
Kikubaaqudgha
Makhleb
Nemelex Xobeh
Okawaru
Qazlal
Ru
Sif Muna
Trog
Uskayaw
Vehumet
Wu Jian
Xom
Yredelemnul
Zin
The Shining One

Shops:
D:6 ?(!*   D:8 *   D:10 *   Orc:1 ::?=(

Annotations:
D:7 2 runed translucent doors
Lair:2 exclusion: ice statue


Message History

The orc knight hits you from afar with a +0 glaive!
* * * LOW HITPOINT WARNING * * *
The ynoxinul gestures.
Items here: )))) [[[[ ††.
The orc high priest threatens, "By the altar or by the axe, you will meet Beogh!"
The orc high priest shouts, "Join the one true god or die!"
You slice the orc warrior!!
You kill the orc warrior!
Trog accepts your kill.
You slice the orc warrior!!
You feel the power of Trog in you as your rage grows.
You kill the orc warrior!
Trog accepts your kill.
You cut the orc priest into ribbons!!!
You kill the orc priest!
Trog accepts your kill.
You hit the orc warrior. You carve the orc warrior like a ham!!!
You kill the orc warrior!
Trog accepts your kill.
The orc priest shouts, "Join the one true god or die!"
The sun demon disappears in a puff of smoke!
The orc knight hits you from afar with a +0 glaive!
* * * LOW HITPOINT WARNING * * *
The orc high priest mumbles some strange prayers to Beogh against you.
Beogh smites you!
* * * LOW HITPOINT WARNING * * *
You closely miss the orc warrior.
The orc high priest shouts, "Join the one true god or die!"
You slash the orc warrior!
The orc high priest shouts, "Join the one true god or die!"
You slash the orc knight!
The orc high priest threatens, "By the altar or by the axe, you will meet Beogh!"
You slash the orc warrior!
The orc warrior is heavily wounded.
You barely miss the orc knight.
The orc priest shouts, "Surrender to Beogh and we'll let you live!"
You slash the orc warrior!
The orc knight hits you from afar with a +0 glaive!!
You die...

...#...# ..#
.......3. ...#
....#55o# ...
#...§.335...#
#..o#o.o#...#
#...5ooo..#
#..#4o)#o.#
#...o@o.#
###.#.###
#.....#
###.#)###
#.......##
#..#...#..#
#.........##
#...#...#...#
##...........##


You could see 2 orc knights, a soul eater (summoned), 3 orc high priests, a
hellwing (summoned), a neqoxec (summoned), a ynoxinul (summoned), 5 orc
warriors, an orc priest (strong) and 4 ufetubi.

Vanquished Creatures
  2 orc warlords
  An eleionoma (Lair:2)
  A catoblepas (Lair:3)
  The ghost of confidenceinterval the Markself, a journeyman DEHu of Hepliaklqana (Orc:1)
  Erica (Orc:1)
  5 death yaks (Lair:1)
  A two-headed ogre (Orc:2)
  2 boulder beetles
  2 orc high priests (Orc:2)
  Nergalle (Lair:1)
  A skyshark (Lair:3)
  4 orc knights
  Pikel (D:8)
  A deep elf archer (Elf:1)
  A salamander (Lair:3)
  A deep elf zephyrmancer (Elf:1)
  An orc sorcerer (Orc:2)
  2 cyclopes (D:11)
  A manticore (D:12)
  3 deep elf pyromancers
  2 elephants (D:11)
  2 black mambas (Lair:3)
  Joseph (D:7)
  3 gargoyles
  6 cane toads
  3 kobold demonologists (D:12)
  An unseen horror (D:12)
  A rime drake (Lair:2)
  2 ice devils (D:12)
  8 komodo dragons
  4 polar bears
  6 trolls
  Prince Ribbit (D:8)
  4 blink frogs (Lair:3)
  5 dream sheep (Lair:3)
  A shadow (D:10)
  6 slime creatures
  A vampire (D:9)
  4 wraiths
  4 wyverns
  33 yaks
  2 basilisks
  6 vampire mosquitoes
  2 steam dragons (D:7)
  4 wargs
  3 acid dragons
  A naga (Lair:3)
  8 water moccasins
  4 black bears
  23 orc warriors
  9 ice beasts
  2 sky beasts (D:7)
  A swamp drake (shapeshifter) (D:13)
  A wolf (Lair:1)
  A lemure (D:8)
  A centaur (D:10)
  7 ogres
  A kobold brigand (D:12)
  9 bullfrogs
  2 scorpions
  3 elf zombies (Ossuary)
  2 gnoll sergeants
  15 wights
  3 killer bees (D:10)
  9 howler monkeys
  3 bombardier beetles
  3 jellies
  3 hounds
  24 orc priests
  2 gnoll boudas
  Ijyb (D:3)
  A human zombie (Ossuary)
  An iguana (D:6)
  Terence (D:3)
  10 orc wizards
  4 hell rats (Lair:3)
  5 hound zombies (Ossuary)
  2 mummies (Ossuary)
  9 adders
  19 gnolls
  4 white imps
  8 adder zombies (Ossuary)
  7 ribbon worms
  72 orcs
  11 endoplasms
  3 giant cockroaches
  4 gnoll zombies (Ossuary)
  4 hobgoblins
  2 jackals (D:2)
  4 quokkas
  8 ball pythons
  5 bats
  A frilled lizard (D:1)
  4 goblins
  6 jackal zombies (Ossuary)
  13 kobolds
  6 kobold zombies (Ossuary)
  4 orc zombies (Ossuary)
  5 rats
509 creatures vanquished.

Notes
Turn   | Place    | Note
-------+----------+-------------------------------------------
     0 | D:1      | Marvel the Hill Orc Fighter began the quest for the Orb.
     0 | D:1      | Reached XP level 1. HP: 19/19 MP: 1/1
   503 | D:1      | Reached skill level 3 in Axes
   503 | D:1      | Reached XP level 2. HP: 23/27 MP: 2/2
   817 | D:2      | Found a white marble altar of Elyvilon.
   912 | D:2      | Reached XP level 3. HP: 23/33 MP: 3/3
   961 | D:2      | Found a faded altar of an unknown god.
  1856 | D:3      | Reached XP level 4. HP: 41/41 MP: 4/4
  1920 | D:3      | Reached skill level 4 in Axes
  2108 | D:3      | Noticed Ijyb
  2126 | D:3      | Killed Ijyb
  2127 | D:3      | Reached skill level 5 in Fighting
  2127 | D:3      | Reached XP level 5. HP: 46/48 MP: 5/5
  2132 | D:3      | Noticed Terence
  2149 | D:3      | Killed Terence
  2240 | D:3      | Reached skill level 5 in Axes
  2357 | D:3      | Reached XP level 6. HP: 51/56 MP: 6/6
  2629 | D:3      | Identified a scroll of acquirement
  2629 | D:3      | Acquired a +5 antimagic battleaxe
  2965 | D:4      | Reached skill level 6 in Axes
  3331 | D:4      | Found a sand-covered staircase.
  3337 | Ossuary  | Entered an ossuary
  3455 | Ossuary  | Reached XP level 7. HP: 55/61 MP: 2/7
  3458 | Ossuary  | Reached skill level 7 in Axes
  3469 | Ossuary  | Reached skill level 8 in Axes
  3731 | D:5      | Entered Level 5 of the Dungeon
  3911 | D:5      | Reached skill level 9 in Axes
  3911 | D:5      | Reached XP level 8. HP: 63/70 MP: 2/8
  3975 | D:5      | Reached skill level 5 in Armour
  4179 | D:5      | Reached skill level 10 in Axes
  4300 | D:5      | Found a white marble altar of Elyvilon.
  4642 | D:6      | Found Sues's Magic Scroll Shop.
  4645 | D:6      | Bought a scroll of teleportation for 42 gold pieces
  4645 | D:6      | Bought a scroll of enchant armour for 105 gold pieces
  4645 | D:6      | Bought a scroll of identify for 28 gold pieces
  4945 | D:6      | Found Peox's Distillery.
  4954 | D:6      | Bought a potion of curing for 33 gold pieces
  4967 | D:6      | Reached skill level 11 in Axes
  4977 | D:6      | Reached XP level 9. HP: 49/79 MP: 3/9
  5155 | D:6      | Found a bloodstained altar of Trog.
  5333 | D:6      | Found Buoghe's Weapon Boutique.
  5637 | D:6      | Found Ysuush's General Store.
  5945 | D:7      | Reached skill level 12 in Axes
  6011 | D:7      | Found a staircase to the Ecumenical Temple.
  6343 | D:7      | Reached skill level 13 in Axes
  6643 | D:7      | Found a large runed translucent door.
  6645 | D:7      | Found a large runed translucent door.
  6649 | D:7      | Noticed a komodo dragon
  6656 | D:7      | Found a large runed translucent door.
  6656 | D:7      | Found a large runed translucent door.
  6662 | D:7      | Noticed Joseph
  6675 | D:7      | Killed Joseph
  6792 | D:7      | Reached XP level 10. HP: 82/88 MP: 3/10
  6802 | D:7      | Reached skill level 14 in Axes
  6955 | D:7      | Noticed a deep elf pyromancer
  6966 | D:7      | Killed a deep elf pyromancer
  7122 | Temple   | Entered the Ecumenical Temple
  7167 | D:6      | Became a worshipper of Trog the Wrathful
  7353 | D:8      | Noticed Pikel
  7360 | D:8      | Killed Pikel
  7435 | D:8      | Found Wov Uka's Assorted Antiques.
  7451 | D:8      | Bought a blackened wooden wand for 68 gold pieces
  7451 | D:8      | Bought a cyan potion for 15 gold pieces
  7451 | D:8      | Bought a forked lead wand for 68 gold pieces
  7451 | D:8      | Bought a viscous black potion for 15 gold pieces
  7698 | D:8      | Reached skill level 1 in Throwing
  7698 | D:8      | Noticed Prince Ribbit
  7721 | D:8      | Killed Prince Ribbit
  7722 | D:8      | Reached skill level 15 in Axes
  8168 | D:9      | Reached * piety under Trog
  8169 | D:9      | Reached XP level 11. HP: 45/99 MP: 3/11
  8170 | D:9      | Reached skill level 10 in Fighting
  8375 | D:9      | Identified the +1 glaive of Dithmenos's Approval {freeze,
                  | rF+}
  8794 | D:9      | Reached skill level 16 in Axes
  8954 | D:10     | Entered Level 10 of the Dungeon
  9157 | D:10     | Found Irujan's General Store.
 10167 | D:11     | Noticed a cyclops
 10175 | D:11     | Killed a cyclops
 10299 | D:11     | Noticed a cyclops
 10316 | D:11     | Reached ** piety under Trog
 10329 | D:11     | Reached skill level 17 in Axes
 10332 | D:11     | Killed a cyclops
 10634 | D:11     | Reached skill level 10 in Armour
 10655 | D:11     | Noticed a boulder beetle
 10668 | D:11     | Killed a boulder beetle
 10900 | D:11     | Reached XP level 12. HP: 110/110 MP: 12/12
 11040 | D:11     | Found a staircase to the Orcish Mines.
 11345 | D:11     | Found a staircase to the Lair.
 11362 | Lair:1   | Entered Level 1 of the Lair of Beasts
 11367 | Lair:1   | Reached skill level 18 in Axes
 11455 | Lair:1   | Noticed a death yak
 11455 | Lair:1   | Noticed a death yak
 11455 | Lair:1   | Noticed a death yak
 11456 | Lair:1   | Noticed a death yak
 11456 | Lair:1   | Noticed a death yak
 11463 | Lair:1   | Killed a death yak
 11465 | Lair:1   | Killed a death yak
 11472 | Lair:1   | Killed a death yak
 11476 | Lair:1   | Killed a death yak
 11480 | Lair:1   | Killed a death yak
 12038 | Lair:1   | Reached skill level 19 in Axes
 12040 | Lair:1   | Reached skill level 1 in Dodging
 12129 | Lair:1   | Noticed Nergalle
 12139 | Lair:1   | Killed Nergalle
 12141 | Lair:1   | Reached *** piety under Trog
 12659 | Lair:2   | Found a staircase to the Swamp.
 12659 | Lair:2   | Noticed an eleionoma
 12664 | Lair:2   | Killed an eleionoma
 12718 | Lair:2   | Reached XP level 13. HP: 119/119 MP: 13/13
 13631 | Lair:3   | Reached skill level 20 in Axes
 13796 | Lair:3   | Found a staircase to the Snake Pit.
 14018 | Lair:3   | Reached **** piety under Trog
 16173 | D:13     | Reached ***** piety under Trog
 16692 | Orc:1    | Entered Level 1 of the Orcish Mines
 16846 | Orc:1    | Found a dark tunnel.
 17024 | Orc:1    | Found Gynuyrph's Book Boutique.
 17027 | Orc:1    | Found a runed translucent door.
 17027 | Orc:1    | Noticed Erica
 17030 | Orc:1    | Found Leclerph's Jewellery Emporium.
 17038 | Orc:1    | Killed Erica
 17204 | Orc:1    | Noticed confidenceinterval's ghost (journeyman DEHu)
 17219 | Orc:1    | Found Gyexteh's Antique Weapon Shop.
 17228 | Orc:1    | Found Noidghor's Magic Scroll Shop.
 17229 | Orc:1    | Noticed an orc warlord
 17253 | Orc:1    | Killed an orc warlord
 17254 | Orc:1    | Reached XP level 14. HP: 124/133 MP: 14/14
 17457 | Orc:1    | Found Xumeq's Book Shop.
 17801 | Orc:1    | Killed confidenceinterval's ghost
 17871 | Orc:2    | Entered Level 2 of the Orcish Mines
 17880 | Orc:2    | Reached skill level 15 in Fighting
 18046 | Orc:2    | Noticed an orc warlord
 18061 | Orc:2    | Killed an orc warlord
 18062 | Orc:2    | Reached skill level 21 in Axes
 18344 | Orc:2    | Found a staircase to the Elven Halls.
 18391 | Elf:1    | Entered Level 1 of the Elven Halls
 19206 | Orc:2    | Slain by an orc knight

Illustrated notes

Levels and vault maps discovered:
D:1:      dpeg_arrival_radiant, layout_loops_ring, hex_tiny
D:2:      layout_basic, basic_altar, hellmonk_ecumenical_altar_crossroads
D:3:      layout_loops_cross, solitary_fountain, uniq_ijyb, uniq_terence
D:4:      layout_loops_ring, enter_ossuary_1, nicolae_wormholes
D:5:      layout_basic, elyvilon_altar_3
D:6:      cheibrodos_quashed, layout_loops_corners, trog_book, serial_shops,
          kennysheep_mini, shop, shop_fountains, shop,
          kennysheep_cross_bottleneck, minmay_misc_feat_room,
          corexii_leaking_fountain
D:7:      cheibrodos_helix_gallery, layout_basic,
          minmay_temple_entry_water_ring, minmay_hollow_rounded_squares,
          uniq_joseph
D:8:      layout_gridville, serial_shops, shop, uniq_prince_ribbit1, uniq_pikel
D:9:      layout_gridville
D:10:     layout_irregular_city, serial_shops, shop
D:11:     layout_loops_ring, grunt_lair_entry_orc_guard_hut, orc_0_dummy
D:12:     layout_basic, portal_ice_cave_demonic_guard, minmay_misc_feat_rows
D:13:     layout_basic, grunt_ministairs_2, nicolae_sextant, st_stairs_12
Temple:   mainiacjoe_temple_big_plus
Lair:1:   layout_chaotic_city, guppyfry_lair_drakes, uniq_nergalle
Lair:2:   layout_cave_pods, alex1729_swamp_entry_worm_eleionoma, ice2_lemuel
Lair:3:   layout_long_grid, alex1729_snake_entry_snake, lemuel_fruit_fields,
          lemuel_fruit_fields
Orc:1:    layout_caves, ebering_ghost_inner_flame,
          nicolae_volcano_entry_lava_flow, serial_shops, shop,
          nicolae_shop_peninsula, nicolae_shop_waterfront, shop, shop,
          uniq_erica
Orc:2:    st_orc_pillars, layout_diamond_mine
Elf:1:    elf_arrival_001, layout_rooms, serial_shops,
          nicolae_shop_hallway_stairs, hangedman_corner_corridor

Skill      XL: |  1  2  3  4  5  6  7  8  9 10 11 12 13 14 |
---------------+-------------------------------------------+-----
Axes           | 3 4 5 6 9 11 13 15 17 19 20 21 | 21.2
Fighting       | 4 5 6 7 8 9 11 12 14 15 | 15.7
Armour         | 4 6 7 9 10 11 13 | 13.9
Throwing       | 1 |  1.9
Dodging        | 1 |  1.4
Stealth        | |  0.8
Shields        | |  3.9
Unarmed Combat | |  0.5

Action                     |  1- 3 |  4- 6 |  7- 9 | 10-12 | 13-15 || total
---------------------------+-------+-------+-------+-------+-------++-------
  Melee: War axe           |    74 |    85 |       |       |       ||   159
         Unarmed           |       |    16 |       |       |       ||    16
         Battleaxe         |       |    81 |   183 |   342 |   418 ||  1024
  Throw: Boomerang         |       |       |     2 |    10 |     1 ||    13
 Invoke: Trog's Hand       |       |       |       |     1 |     1 ||     2
         Berserk           |       |       |       |       |     4 ||     4
    Use: Scroll            |       |     1 |       |     4 |    11 ||    16
         Potion            |       |       |     1 |       |     2 ||     3
   Stab: Petrifying        |       |       |       |       |     1 ||     1
         Petrified         |       |       |       |       |     1 ||     1
 Armour: Scale mail        |    46 |       |       |       |       ||    46
         Plate armour      |    18 |   147 |   188 |   329 |   387 ||  1069
         Skin              |       |     3 |       |       |       ||     3
  Dodge: Dodged            |    38 |    65 |    91 |   114 |   127 ||   435
  Block: Buckler           |    16 |    13 |       |       |       ||    29
